 Dungeon Crawl Stone Soup version 0.31-a0-232-gb1c03b2570 (webtiles) character file.

Game seed: 14705694720270282947

4723 qw the Skirmisher (level 10, 0/91 HPs)
             Began as a Minotaur Hexslinger on July 7, 2023.
             Succumbed to a killer bee's poison
             ... on level 9 of the Dungeon.
             The game lasted 00:03:12 (8661 turns).

qw the Skirmisher (Minotaur Hexslinger)             Turns: 8661, Time: 00:03:12

Health: 0/91       AC:  6    Str: 13    XL:     10   Next: 22%
Magic:  10/10      EV: 19    Int: 10    God:
Gold:   36         SH:  0    Dex: 17    Spells: 10/11 levels left

rFire   . . .        k - +0 orcbow
rCold   + . .        (shield currently unavailable)
rNeg    . . .        n - +0 troll leather armour
rPois   .            (helmet restricted)
rElec   .            j - +0 cloak
rCorr   .            (no gloves)
SInv    .            h - +0 pair of boots
Will    .....        l - amulet of faith
Stlth   +            c - ring of protection from cold
HPRegen 1.15/turn    p - +5 ring of evasion
MPRegen 0.12/turn

%: faith
@: lethally poisoned (0 -> -1), about to teleport
A: horns 2, retaliatory headbutt
a: no special abilities


You were on level 9 of the Dungeon.
You visited 2 branches of the dungeon, and saw 10 of its levels.
You also visited: Sewer.

You collected 503 gold pieces.
You spent 467 gold pieces at shops.


Innate Abilities, Weirdness & Mutations

You have a pair of horns on your head.
You reflexively headbutt those who attack you in melee.


   Skills:
 - Level 9.0 Fighting
 - Level 13.1 Ranged Weapons
 - Level 3.3 Armour
 + Level 5.2 Dodging
 - Level 1.0 Spellcasting
 - Level 2.0 Hexes


You had 10 spell levels left.
You knew the following spells:

 Your Spells              Type           Power      Damage    Failure   Level
a - Slow                  Hex            16%        N/A       19%         1

Your spell library contained the following spells:

 Spells                   Type           Power      Damage    Failure   Level
 Inner Flame              Hex/Fire       2%         N/A       65%         3
 Portal Projectile        Hex/Tloc       4%         N/A       65%         3
 Cause Fear               Hex            2%         N/A       88%         4

Inventory:

Hand Weapons
 k - a +0 orcbow (weapon)
Armour
 h - a +0 pair of boots (worn)
 j - a +0 cloak (worn)
 n - a +0 troll leather armour (worn)
Jewellery
 c - a ring of protection from cold (left hand)
 l - an amulet of faith (around neck)
 p - a +5 ring of evasion (right hand)
Wands
 i - a wand of digging (1)
Scrolls
 a - 6 scrolls of identify
 g - a scroll of teleportation
Potions
 b - 2 potions of heal wounds
 d - 3 potions of might
 e - a potion of mutation
 f - 5 potions of curing
 m - 2 potions of haste
 o - a potion of resistance

Dungeon Overview and Level Annotations

Branches:
Dungeon (9/15)             Temple (1/1) D:6             Orc (0/2) D:9
  Sewer (visited)
   Lair: D:8-11

Altars:
Ashenzari
Cheibriados
Dithmenos
Elyvilon
Gozag
Hepliaklqana
Kikubaaqudgha
Nemelex Xobeh
Qazlal
Ru
Sif Muna
Trog
Uskayaw
Vehumet
Wu Jian
Xom
Yredelemnul
Zin
The Shining One

Shops:
D:7 **?

Annotations:
D:6 3 runed translucent doors, qw's ghost, novice DEHu


Message History

You feel sick. The killer bee misses you. The killer bee stings you!
You are more poisoned.
The killer bee poisons you!
8658 ||| DRINKING 3 potions of heal wounds.
You feel much better.
You feel very sick. The killer bee barely misses you. You furiously retaliate!
You headbutt the killer bee!
You kill the killer bee!
You start resting.
Your surroundings suddenly seem different. 9 orcs, 5 yaks and 2 killer bees come into view.
An orc warrior is wielding a +0 war axe of electrocution.
Found a club, 6 potions of degeneration, a worn brass wand and 16 gold pieces.
Found a staircase to the Orcish Mines.
You feel sick.
The orc shouts! x3; The orc warrior shouts!
The orc priest shouts!
The orc shouts!
The yak bellows!
The killer bee buzzes angrily.
The yak bellows! x3
You hear an angry buzzing noise.
The orc shouts!
A killer bee comes into view.
An orc priest comes into view. It is wielding a +0 club.
A killer bee comes into view.
The killer bee buzzes angrily.
The orc priest shouts!
You hear a shout!
Enter note:
Enter note: You shoot an arrow.
The orc priest shouts!
The killer bee buzzes angrily.
The arrow hits the yak.
The yak is lightly wounded.
You feel sick. The killer bee misses you.
The orc priest mumbles some strange prayers to Beogh against you.
Beogh smites you! The yak completely misses you. The yak gores you!
The orc priest calls down the wrath of Beogh upon you.
Beogh smites you!
An orc comes into view. It is wielding a +0 club.
An orc comes into view. It is wielding a +0 whip.
The killer bee stings you.
8661 ||| READING 2 scrolls of teleportation.
As you read the scroll of teleportation, it crumbles to dust.
You feel strangely unstable.
You die...

<......#
###############
o.....y.......$
..oY..Y...o.!..
...y.Yo@..o...)
o...!YyYo......
..##/....!oo..o
.o...!......#
..yo..........#
###############


You could see 5 yaks, an orc warrior, 4 killer bees, 3 orc priests, an orc
wizard and 7 orcs.

Vanquished Creatures
  Psyche (D:8)
  A troll (D:8)
  5 yaks (D:9)
  3 water moccasins
  3 sky beasts
  2 ice beasts
  2 orc warriors (D:6)
  2 black bears
  3 centaurs
  2 phantoms
  3 kobold brigands
  A bullfrog (D:6)
  2 scorpions
  17 wights
  3 killer bees (D:9)
  4 howler monkeys
  3 hounds
  An iguana (D:5)
  An orc wizard (D:4)
  3 gnolls (D:3)
  5 adders
  A river rat (D:4)
  A shadow imp (D:4)
  2 white imps
  2 ufetubi
  4 worms
  4 dart slugs
  9 orcs
  13 ball pythons
  5 endoplasms
  11 giant cockroaches
  5 goblins
  6 hobgoblins
  10 jackals
  17 kobolds
  5 quokkas
  7 bats
  2 frilled lizards
  6 rats
177 creatures vanquished.

Notes
Turn   | Place    | Note
-------+----------+-------------------------------------------
     0 | D:1      | qw the Minotaur Hexslinger began the quest for the Orb.
     0 | D:1      | Reached XP level 1. HP: 16/16 MP: 1/1
     0 | D:1      | 0 ||| qw: Version: 0.3-a-46-gb1f654a
     0 | D:1      | 0 ||| qw: Game counter: 2369
     0 | D:1      | 0 ||| qw: Melee chars always use a shield: true
     0 | D:1      | 0 ||| qw: God list: Okawaru
     0 | D:1      | 0 ||| qw: Allow faded altars: false
     0 | D:1      | 0 ||| qw: Do Orc after clearing Dungeon:15 true
     0 | D:1      | 0 ||| qw: Do second Lair branch before Depths: true
     0 | D:1      | 0 ||| qw: Lair rune preference: random
     0 | D:1      | 0 ||| qw: Goals: Normal
     0 | D:1      | 0 ||| PLANNING D:1-11
   265 | D:1      | Reached skill level 3 in Ranged Weapons
   272 | D:1      | Reached XP level 2. HP: 23/23 MP: 2/2
   831 | D:1      | 831 ||| UPGRADING to +0 leather armour.
   841 | D:1      | 841 ||| DROPPING +0 robe.
   842 | D:1      | 842 ||| UPGRADING to +0 ring mail.
   852 | D:1      | 852 ||| DROPPING +0 leather armour.
   853 | D:1      | 853 ||| UPGRADING to +0 cloak.
   858 | D:1      | 858 ||| UPGRADING to amulet of faith.
   863 | D:1      | 863 ||| READING scroll labelled DYUTTE XYDIE.
   864 | D:1      | 864 ||| READING 2 scrolls labelled TOGIUCZ TIDYS.
   865 | D:1      | 865 ||| READING scroll labelled YPRIVE BUZANIU.
   866 | D:1      | 866 ||| READING scroll labelled TIHIODAROH.
   910 | D:1      | 910 ||| DRINKING 2 viscous red potions.
   911 | D:1      | 911 ||| DROPPING scroll of poison.
   912 | D:1      | 912 ||| DROPPING scroll of blinking.
  1330 | D:2      | Reached XP level 3. HP: 29/29 MP: 3/3
  1625 | D:2      | Reached skill level 4 in Ranged Weapons
  1820 | D:2      | 1820 ||| UPGRADING to +0 pair of boots.
  1825 | D:2      | 1825 ||| UPGRADING to ring of protection from cold.
  1826 | D:2      | 1826 ||| READING scroll labelled COET SEKUBB.
  1827 | D:2      | 1827 ||| READING scroll labelled RIJACURRIF.
  1828 | D:2      | 1828 ||| READING scroll labelled IXIRAN LARICUL.
  1847 | D:3      | Reached skill level 1 in Armour
  2041 | D:3      | Reached XP level 4. HP: 31/36 MP: 4/4
  2107 | D:3      | Found a faded altar of an unknown god.
  2119 | D:3      | You fall into a shaft and drop 2 floors!
  2119 | D:5      | Entered Level 5 of the Dungeon
  2123 | D:5      | Noticed a phantom
  2132 | D:5      | Noticed an ice beast
  2133 | D:5      | Noticed a scorpion
  2144 | D:5      | HP: 8/36 [phantom (6)]
  2145 | D:5      | 2145 ||| DRINKING potion of heal wounds.
  2148 | D:5      | Killed a phantom
  2149 | D:5      | Reached skill level 5 in Ranged Weapons
  2149 | D:5      | Reached XP level 5. HP: 37/41 MP: 5/5
  2149 | D:5      | 2149 ||| FLEEEEING.
  2150 | D:5      | 2150 ||| FLEEEEING.
  2151 | D:5      | 2151 ||| FLEEEEING.
  2152 | D:5      | 2152 ||| FLEEEEING.
  2153 | D:5      | 2153 ||| STAIRDANCE
  2155 | D:4      | 2155 ||| PLANNING SEWER
  2313 | D:4      | Reached skill level 3 in Fighting
  2327 | D:4      | Found a glowing drain.
  2328 | D:4      | 2328 ||| Stepping ~*~*~tactically~*~*~ (water).
  2330 | D:4      | 2330 ||| DROPPING amulet of magic regeneration.
  2331 | D:4      | 2331 ||| READING scroll labelled ZYIPLI PIBEUP.
  2365 | D:4      | 2365 ||| READING scroll labelled KESAEK BIMP.
  2366 | D:4      | 2366 ||| READING scroll labelled JEWOR ZUCKUBUERPH.
  2446 | Sewer    | Entered a sewer
  2482 | Sewer    | Reached skill level 6 in Ranged Weapons
  2482 | Sewer    | Reached XP level 6. HP: 37/51 MP: 6/6
  2536 | Sewer    | Identified the +0 dagger "Goduicso" {flame, rC- rCorr
                  | Int+3}
  2729 | Sewer    | 2729 ||| READING scroll of enchant weapon.
  2729 | Sewer    | 2729 ||| ENCHANTING +2 sling.
  2747 | Sewer    | 2747 ||| DRINKING 2 red potions.
  2747 | Sewer    | Gained mutation: Your flesh is cold resistant. (rC+)
                  | [potion of mutation]
  2747 | Sewer    | Lost mutation: Your flesh is cold resistant. (rC+) [potion
                  | of mutation]
  2748 | Sewer    | 2748 ||| READING 2 scrolls of identify.
  2748 | Sewer    | 2748 ||| IDENTIFYING emerald potion
  2749 | Sewer    | 2749 ||| DROPPING potion of ambrosia.
  2764 | D:4      | 2764 ||| PLANNING D:1-11
  2822 | D:4      | Reached skill level 7 in Ranged Weapons
  3526 | D:3      | 3526 ||| DRINKING 2 sapphire potions.
  3527 | D:3      | 3527 ||| DRINKING 2 blue potions.
  3528 | D:3      | 3528 ||| READING 2 scrolls of identify.
  3528 | D:3      | 3528 ||| IDENTIFYING orange potion
  3529 | D:3      | 3529 ||| DROPPING potion of degeneration.
  3741 | D:4      | Reached XP level 7. HP: 25/59 MP: 7/7
  3915 | D:4      | Found an ornate altar of the Wu Jian Council.
  3948 | D:4      | Found a white marble altar of Elyvilon.
  4119 | D:4      | 4119 ||| READING scroll labelled OLEDDE EXTO.
  4120 | D:4      | 4120 ||| DRINKING 3 fuming cyan potions.
  4121 | D:4      | 4121 ||| READING 2 scrolls of identify.
  4121 | D:4      | 4121 ||| IDENTIFYING bubbling yellow potion
  4122 | D:4      | 4122 ||| DROPPING potion of magic.
  4133 | D:5      | 4133 ||| STAIRDANCE
  4144 | D:4      | Reached skill level 8 in Ranged Weapons
  4752 | D:5      | 4752 ||| DROPPING ring of ice.
  4753 | D:5      | 4753 ||| UPGRADING to +5 ring of evasion.
  4773 | D:6      | 4773 ||| Stepping ~*~*~tactically~*~*~ (outnumbered).
  4831 | D:6      | Found a runed translucent gate.
  4831 | D:6      | Found a runed translucent gate.
  4831 | D:6      | Noticed qw's ghost (novice DEHu)
  4834 | D:6      | Found a runed translucent gate.
  4954 | D:6      | Reached skill level 9 in Ranged Weapons
  4954 | D:6      | Reached XP level 8. HP: 54/68 MP: 8/8
  5033 | D:6      | Reached skill level 3 in Dodging
  5340 | D:6      | Found a staircase to the Ecumenical Temple.
  5341 | D:6      | 5341 ||| PLANNING TEMPLE
  5341 | D:6      | 5341 ||| READING scroll labelled COUSOO JUFY.
  5342 | D:6      | 5342 ||| DRINKING 2 smoky green potions.
  5343 | D:6      | 5343 ||| DROPPING potion of attraction.
  5361 | D:6      | Reached skill level 6 in Fighting
  5376 | Temple   | Entered the Ecumenical Temple
  5427 | Temple   | 5427 ||| PLANNING D:1-11
  5699 | D:7      | Found Kypyost's General Store.
  5699 | D:7      | Found Piclio's Assorted Antiques.
  5703 | D:7      | Found Luogoem's Magic Scroll Shop.
  5707 | D:7      | 5707 ||| SWAPPING to +0 orcbow.
  5708 | D:7      | 5708 ||| DROPPING +3 sling.
  5713 | D:7      | 5713 ||| BUYING potion of curing (36 gold).
  5713 | D:7      | Bought a potion of curing for 36 gold pieces
  5713 | D:7      | 5713 ||| BUYING potion of heal wounds (60 gold).
  5713 | D:7      | Bought a potion of heal wounds for 60 gold pieces
  5759 | D:7      | Reached skill level 10 in Ranged Weapons
  5800 | D:7      | Reached skill level 3 in Armour
  5929 | D:7      | Found a hide-covered altar of Uskayaw.
  6010 | D:7      | Found a hide-covered altar of Uskayaw.
  6088 | D:7      | Found a sparkling altar of Nemelex Xobeh.
  6310 | D:7      | Reached XP level 9. HP: 32/79 MP: 9/9
  6749 | D:7      | 6749 ||| DROPPING ring of flight.
  6750 | D:7      | 6750 ||| READING 3 scrolls of identify.
  6750 | D:7      | 6750 ||| IDENTIFYING black potion
  6751 | D:7      | 6751 ||| DROPPING potion of brilliance.
  7030 | D:7      | 7030 ||| BUYING 3 scrolls of teleportation (117 gold).
  7030 | D:7      | Bought 3 scrolls of teleportation for 117 gold pieces
  7030 | D:7      | 7030 ||| BUYING scroll of identify (26 gold).
  7030 | D:7      | Bought a scroll of identify for 26 gold pieces
  7030 | D:7      | 7030 ||| BUYING scroll of identify (26 gold).
  7030 | D:7      | Bought a scroll of identify for 26 gold pieces
  7030 | D:7      | 7030 ||| BUYING scroll of identify (26 gold).
  7030 | D:7      | Bought a scroll of identify for 26 gold pieces
  7093 | D:8      | 7093 ||| STAIRDANCE
  7124 | D:8      | 7124 ||| STAIRDANCE
  7247 | D:8      | 7247 ||| STAIRDANCE
  7281 | D:8      | 7281 ||| STAIRDANCE
  7316 | D:8      | 7316 ||| STAIRDANCE
  7368 | D:8      | 7368 ||| STAIRDANCE
  7503 | D:8      | 7503 ||| FLEEEEING.
  7504 | D:8      | 7504 ||| FLEEEEING.
  7505 | D:8      | 7505 ||| FLEEEEING.
  7506 | D:8      | 7506 ||| FLEEEEING.
  7507 | D:8      | 7507 ||| FLEEEEING.
  7508 | D:8      | 7508 ||| FLEEEEING.
  7509 | D:8      | 7509 ||| FLEEEEING.
  7510 | D:8      | 7510 ||| FLEEEEING.
  7511 | D:8      | 7511 ||| FLEEEEING.
  7512 | D:8      | 7512 ||| FLEEEEING.
  7513 | D:8      | 7513 ||| FLEEEEING.
  7514 | D:8      | 7514 ||| FLEEEEING.
  7515 | D:8      | 7515 ||| FLEEEEING.
  7516 | D:8      | 7516 ||| FLEEEEING.
  7517 | D:8      | 7517 ||| FLEEEEING.
  7518 | D:8      | 7518 ||| FLEEEEING.
  7519 | D:8      | 7519 ||| FLEEEEING.
  7526 | D:8      | Reached skill level 11 in Ranged Weapons
  7900 | D:8      | Noticed a troll
  7914 | D:8      | Killed a troll
  7915 | D:8      | Reached skill level 12 in Ranged Weapons
  8003 | D:8      | Noticed Psyche
  8010 | D:8      | Killed Psyche
  8100 | D:8      | 8100 ||| UPGRADING to +0 troll leather armour.
  8110 | D:8      | 8110 ||| DROPPING +0 ring mail.
  8122 | D:7      | 8122 ||| BUYING 2 potions of might (176 gold).
  8122 | D:7      | Bought 2 potions of might for 176 gold pieces
  8122 | D:7      | 8122 ||| SHOPLISTING bronze ring (110 gold, have 16).
  8122 | D:7      | 8122 ||| SHOPLISTING bubbling puce potion (19 gold, have
                  | 16).
  8122 | D:7      | 8122 ||| SHOPLISTING dyed leather armour (110 gold, have
                  | 16).
  8122 | D:7      | 8122 ||| SHOPLISTING embroidered robe (81 gold, have 16).
  8122 | D:7      | 8122 ||| SHOPLISTING potion of curing (66 gold, have 16).
  8618 | D:9      | Reached XP level 10. HP: 71/88 MP: 10/10
  8633 | D:9      | Reached skill level 13 in Ranged Weapons
  8645 | D:9      | HP: 17/90 [yak (13)]
  8646 | D:9      | 8646 ||| READING 4 scrolls of teleportation.
  8647 | D:9      | 8647 ||| DRINKING 4 potions of heal wounds.
  8655 | D:9      | Reached skill level 9 in Fighting
  8656 | D:9      | HP: 22/91 [poisoned by a killer bee]
  8657 | D:9      | 8657 ||| READING 3 scrolls of teleportation.
  8658 | D:9      | 8658 ||| DRINKING 3 potions of heal wounds.
  8659 | D:9      | Found a staircase to the Orcish Mines.
  8660 | D:9      | HP: 3/91 [orc priest/divine providence (17)]
  8660 | D:9      | HP: 1/91 [killer bee (2)]
  8661 | D:9      | 8661 ||| READING 2 scrolls of teleportation.
  8661 | D:9      | Succumbed to a killer bee's poison

Levels and vault maps discovered:
D:1:      dpeg_arrival_castle, layout_loops_corners
D:2:      layout_loops_ring, roderic_serpentine_path, hangedman_decor_points,
          serial_bayou_ford_a
D:3:      layout_loops_ring, shapermc_ecumenical_altar_venn
D:4:      layout_basic, mainiacjoe_overflow_two_lobes, portal_sewer_entry_e
D:5:      layout_rooms
D:6:      layout_basic, minmay_temple_entry_trees, gammafunk_ghost_necromancy
D:7:      layout_loops_corners, nemelex_spade_bored_becter,
          mainiacjoe_overflow_tiny_flanked, minmay_misc_feat_enclosed,
          nicolae_shop_distant_corner_stores, kennysheep_small_circle
D:8:      nicolae_cairo_tiling, layout_loops_cross, uniq_psyche
D:9:      layout_rooms, grunt_lair_entry_orc_guard_hut, erik_orc_1
Temple:   eino_wide_crystal_templ

Skill      XL: |  1  2  3  4  5  6  7  8  9 10 |
---------------+-------------------------------+-----
Ranged Weapons | 3 4 5 6 7 9 10 12 13 | 13.1
Fighting       | 2 3 4 5 7 8 9 |  9.0
Armour         | 1 2 3 |  3.3
Dodging        | 3 5 |  5.2
Spellcasting   | |  1.0
Hexes          | |  2.0

Action                     |  1- 3 |  4- 6 |  7- 9 | 10-12 || total
---------------------------+-------+-------+-------+-------++-------
   Fire: Sling             |   134 |   232 |   149 |       ||   515
         Orcbow            |       |       |   197 |    38 ||   235
    Use: Scroll            |     7 |     6 |     4 |     3 ||    20
         Potion            |     1 |     4 |     2 |     2 ||     9
 Armour: Robe              |     6 |       |       |       ||     6
         Ring mail         |    25 |    94 |    69 |       ||   188
         Troll leather arm |       |       |       |     6 ||     6
  Dodge: Dodged            |    40 |   137 |   215 |    62 ||   454

Table legend:
 A = Non-vault XP
 B = Vault XP
 C = Vault XP percentage of total XP
 D = Non-vault monster count
 E = Vault monster count
 F = Vault count percentage of total count
                 A         B        C        D         E       F
            +---------+---------+-------+---------+---------+-------
      Total |    6021 |     727 |  10.8 |     152 |      25 |  14.1
            +---------+---------+-------+---------+---------+-------
        D:1 |      20 |       0 |   0.0 |      12 |       0 |   0.0
        D:2 |      47 |       0 |   0.0 |      20 |       0 |   0.0
        D:3 |     129 |       0 |   0.0 |      28 |       0 |   0.0
        D:4 |     450 |      28 |   5.9 |      28 |       8 |  22.2
        D:5 |     203 |       0 |   0.0 |       5 |       0 |   0.0
        D:6 |     877 |       0 |   0.0 |      16 |       0 |   0.0
        D:7 |    1036 |      79 |   7.1 |      13 |       1 |   7.1
        D:8 |    1905 |     409 |  17.7 |      21 |       1 |   4.5
        D:9 |    1354 |       0 |   0.0 |       9 |       0 |   0.0
      Sewer |       0 |     211 | 100.0 |       0 |      15 | 100.0
            +---------+---------+-------+---------+---------+-------
